 Dungeon Crawl Stone Soup version 0.24.0-41-g2ae2f7f1be (webtiles) character file.

Game seed: 12925476893029672010, levelgen mode: deterministic

158 Descartes the Sneak (level 5, -11/25 HPs)
             Began as a Felid Monk on Dec 15, 2019.
             Killed by nerve-wracking pain
             ... invoked by an orc priest
              (14 damage)
             ... on level 4 of the Dungeon.
             The game lasted 00:07:20 (3594 turns).

Descartes the Sneak (Felid Monk)                    Turns: 3594, Time: 00:07:22

Health: -11/25     AC:  1    Str:  8    XL:     5   Next: 16%
Magic:  6/6        EV: 21    Int: 11    God:
Gold:   110        SH:  0    Dex: 19    Spells: 4/4 levels left
                                        Lives:  0   Deaths: 1

rFire    . . .     SeeInvis +     - Unarmed
rCold    . . .     Gourm    .   (shield unavailable)
rNeg     . . .     Faith    .   (armour unavailable)
rPois    .         Spirit   .   (helmet unavailable)
rElec    .         Reflect  .   (cloak unavailable)
rCorr    .         Harm     .   (gloves unavailable)
MR       .....                  (boots unavailable)
Stlth    ++++......             h - amulet of magic regeneration
HPRegen  0.08/turn              (no ring)
MPRegen  0.35/turn              (no ring)

@: very slightly contaminated, quick
A: very small, no armour, no weapons or thrown items, stealth, claws 1, fangs 3,
see invisible, carnivore, speed 1, shaggy fur 1, slow metabolism 1, sharp paws
a: no special abilities


You were on level 4 of the Dungeon.
You were completely stuffed.

You visited 1 branch of the dungeon, and saw 4 of its levels.

You collected 110 gold pieces.

Inventory:

Missiles
 g - 15 stones
 l - 48 arrows
Jewellery
 h - an amulet of magic regeneration (around neck)
Scrolls
 b - a scroll of teleportation
 i - 3 scrolls of identify
 j - 2 scrolls of enchant weapon {unknown}
 m - 2 scrolls of fog {unknown}
 r - a scroll of fear {unknown}
Potions
 c - 3 potions of heal wounds
 e - a potion of degeneration {unknown}
 f - 2 potions of brilliance {unknown}
 n - a potion of mutation {unknown}
 p - a potion of lignification {unknown}
 q - a potion of flight {unknown}
Comestibles
 a - 9 rations
 o - a chunk of flesh


   Skills:
 + Level 3.8 Fighting
 + Level 5.1 Dodging
 * Level 5.5 Stealth
 * Level 4.5 Unarmed Combat


You had 4 spell levels left.
You didn't know any spells.
Your spell library was empty.

Dungeon Overview and Level Annotations

Branches:
Dungeon (4/15)
 Temple: D:4-7

Altars:
Cheibriados
Dithmenos
Fedhas
Kikubaaqudgha
Nemelex Xobeh
Sif Muna
Wu Jian
Xom
The Shining One


Innate Abilities, Weirdness & Mutations

You cannot wear armour.
You are incapable of wielding weapons or throwing items.
Your paws allow you to move quietly. (Stealth)
You have sharp claws.
You have razor-sharp teeth.
You have supernaturally acute eyesight. (SInv)
You are carnivorous and can eat meat at any time.
You cover ground quickly.
You are covered in fur. (AC +1)
You have a slow metabolism.
Your sharp claws are effective at attacking unaware monsters.


Message History

The orc priest mumbles some strange prayers to Beogh against you.
Beogh smites you!
* * * LOW HITPOINT WARNING * * *
Okay, then.
As you read the scroll labeled MAHOEC ATHUI, it crumbles to dust.
It is a scroll of identify.
c - 3 potions of heal wounds
As you read the scroll labeled TAVUOWK PAPS, it crumbles to dust.
You feel aware of your surroundings.
You sensed 2 altars, and 1 shop/portal.
It was a scroll of magic mapping.
The orc priest looks braver for a moment.
Blink to where?
Press: ? - help, Dir - move target cursor You are very lightly contaminated with residual magic.
As you read the scroll labeled TEHIFE NY FIA, it crumbles to dust.
It was a scroll of blinking.
The orc priest invokes the aid of Beogh against you.
Pain shoots through your body!
Ouch! That really hurt!
You die...

,,#......,#..### #......#
.##.....,*#..#.## ###.....#*
........,##.....###.o.ยง...#
.......###...............##
.......#.##.........a...##
#................##..#..#
#..........(........#####
.................o..#
..#.............@..##
.##.......#.........###
.........##...##..#...##
.....#...#..####..#....#
.......#.....##..###.###
....#..#.##.###....#..###
.#.......##.............#
.##....#.#*...##...###.##***
.#.....#..........#**#.....#*


You could see a worker ant and an orc priest.

Vanquished Creatures
  A crimson imp (D:3)
  Jessica (D:2)
  Terence (D:2)
  A worker ant (D:4)
  A worker ant zombie (D:3)
  5 adders
  An adder skeleton (D:3)
  3 worms (D:2)
  5 dart slugs
  3 leopard geckos
  5 orcs
  3 bats
  6 giant cockroaches
  4 hobgoblins
  4 kobolds
  A quokka (D:3)
  A ball python zombie (D:3)
  2 frilled lizards
  4 goblins
  A jackal zombie (D:3)
  5 rats
58 creatures vanquished.

Notes
Turn   | Place    | Note
-------+----------+-------------------------------------------
     0 | D:1      | Descartes the Felid Monk began the quest for the Orb.
     0 | D:1      | Reached XP level 1. HP: 10/10 MP: 2/2
   106 | D:1      | Reached XP level 2. HP: 14/14 MP: 3/3
   820 | D:1      | Reached XP level 3. HP: 17/17 MP: 4/4
  1199 | D:2      | Found a shadowy altar of Dithmenos.
  1289 | D:2      | Noticed Jessica
  1531 | D:2      | Killed Jessica
  1531 | D:2      | Reached XP level 4. HP: 21/21 MP: 5/5
  1592 | D:2      | Noticed Terence
  2132 | D:2      | Killed Terence
  2389 | D:3      | Found a sparkling altar of Nemelex Xobeh.
  2402 | D:3      | Found a shimmering blue altar of Sif Muna.
  2404 | D:3      | Found a blossoming altar of Fedhas.
  2404 | D:3      | Found a glowing golden altar of the Shining One.
  2404 | D:3      | Found an ancient bone altar of Kikubaaqudgha.
  2404 | D:3      | Found a shimmering altar of Xom.
  2404 | D:3      | Found an ornate altar of the Wu Jian Council.
  2405 | D:3      | Found a snail-covered altar of Cheibriados.
  2529 | D:3      | Found a faded altar of an unknown god.
  2619 | D:3      | Reached XP level 5. HP: 14/24 MP: 6/6
  2758 | D:3      | Reached skill level 5 in Stealth
  2790 | D:2      | Slain by a worker ant
  2791 | D:2      | Reached XP level 4. HP: -2/21 MP: 5/5
  3154 | D:3      | Reached skill level 5 in Dodging
  3485 | D:4      | Reached XP level 5. HP: 21/25 MP: 6/6
  3594 | D:4      | Killed from afar by an orc priest

Levels and vault maps discovered:
D:1:      dpeg_arrival_long_road, layout_basic
D:2:      layout_loops_ring, grunt_dithmenos_smoke_and_mirrors, uniq_terence,
          uniq_jessica
D:3:      layout_loops_cross, grunt_temple_overflow_open,
          nemelex_xobeh_ov_fountains_minmay, chequers_ecumenical_altar_simple,
          serial_undead, serial_undead_c, serial_undead_e, serial_undead_b,
          serial_undead_c, serial_undead_c, serial_undead_a, serial_undead_e,
          nrook_mini_vaults
D:4:      layout_cave_pools, grunt_temple_overflow_gold_and_silver,
          serial_shops, shop_scrolls, minmay_mini_jars

Skill      XL: |  1  2  3  4  5 |
---------------+----------------+-----
Stealth        | 3 4 5 |  5.5
Unarmed Combat | 4 |  4.5
Dodging        | 5 |  5.1
Fighting       | |  3.8

Action                   |  1- 3 |  4- 6 || total
-------------------------+-------+-------++-------
Melee: Unarmed           |    95 |   156 ||   251
       Bite              |     6 |    12 ||    18
       Punch             |     1 |     2 ||     3
  Use: Scroll            |       |     5 ||     5
 Stab: Sleeping          |     6 |     6 ||    12
  Eat: Chunk             |     9 |     8 ||    17
Armor: Skin              |     3 |     3 ||     6
Dodge: Dodged            |    67 |   117 ||   184
